[ AOE2 MATCH · #479214764 ]
Team RMCumans vs Jurchens
[ REPLAY ANALYSIS · EXTRACTED FROM THE RECORDED GAME ]
Feudal
11:31
Castle
—
Imperial
—
| APM avg | 20.4 |
| APM peak | 38 |
| eAPM avg | 12.0 |
| Villagers / military | 57 / 26 |
Focus
⚔️ 25.6% · 🌾 74.4%
Militia ×13 · Scout Cavalry ×7 · Battering Ram ×6
Feudal
12:31
Castle
26:18
Imperial
—
| APM avg | 15.1 |
| APM peak | 30 |
| eAPM avg | 12.2 |
| Villagers / military | 48 / 34 |
Focus
⚔️ 25.5% · 🌾 74.5%
Spearman ×23 · Archer ×9 · Knight ×2
Feudal
9:34
Castle
28:32
Imperial
—
| APM avg | 32.5 |
| APM peak | 64 |
| eAPM avg | 12.5 |
| Villagers / military | 46 / 28 |
Focus
⚔️ 19.3% · 🌾 80.7%
Scout Cavalry ×20 · Spearman ×8
Feudal
13:54
Castle
—
Imperial
—
| APM avg | 9.8 |
| APM peak | 30 |
| eAPM avg | 6.2 |
| Villagers / military | 30 / 22 |
Focus
⚔️ 30.3% · 🌾 69.7%
Archer ×11 · Militia ×11
Match map
Initial resources + every placement click. Lines = walls · curves = elevation contours. ◆ gold · ⬟ stone · ● berries · ✦ relic · ◌ wall gap
Your base· Open — unwalled flank
[V.@.M.M] Darku$ [+]'s base· ✓ Closed at 26:18 · 7t walls · 2 gate(s)
Margt56's base· ✓ Closed at 28:32 · 0t walls · 3 gate(s)
Wick's base· Open — unwalled flank
Smoothed initial terrain · ◌ = detected wall gap · hover for details
Inputs per minute
— Rodopoulakion - - [V.@.M.M] Darku$ [+]
Build order — Rodopoulakion
142 actions detected in the replay
| 0:01 | Create | Villager (Male) |
| 0:01 | Create | Villager (Male) |
| 0:02 | Create | Villager (Male) |
| 0:02 | Build | House |
| 0:04 | Build | House |
| 1:39 | Create | Villager (Male) |
| 1:39 | Create | Villager (Male) |
| 1:39 | Create | Villager (Male) |
| 2:08 | Build | Lumber Camp |
| 2:12 | Create | Villager (Male) |
| 2:45 | Create | Villager (Male) |
| 3:02 | Create | Villager (Male) |
| 3:25 | Create | Villager (Male) |
| 3:43 | Create | Villager (Male) |
| 4:13 | Build | House |
| 4:13 | Build | House |
| 4:23 | Create | Villager (Male) |
| 4:48 | Create | Villager (Male) |
| 4:58 | Build | Mill |
| 5:16 | Create | Villager (Male) |
| 5:31 | Create | Villager (Male) |
| 5:55 | Create | Villager (Male) |
| 6:25 | Create | Villager (Male) |
| 6:54 | Create | Villager (Male) |
| 7:11 | Build | Mining Camp |
| 7:17 | Build | House |
| 7:19 | Build | House |
| 7:26 | Create | Villager (Male) |
| 7:47 | Build | Farm |
| 7:50 | Build | Farm |
| 7:55 | Create | Villager (Male) |
| 8:26 | Create | Villager (Male) |
| 8:51 | Research | Loom |
| 9:21 | Research | Feudal Age |
| 9:43 | Build | Barracks |
| 10:00 | Create | Villager (Male) |
| 10:00 | Create | Villager (Male) |
| 11:07 | Create | Villager (Male) |
| 11:08 | Create | Villager (Male) |
| 11:31 | Age | Feudal Age |
| 11:34 | Build | Blacksmith |
| 12:11 | Build | Siege Workshop |
| 12:15 | Research | Man-at-Arms (upgrade) |
| 12:18 | Create | Militia |
| 12:18 | Create | Militia |
| 12:21 | Create | Militia |
| 12:38 | Create | Villager (Male) |
| 12:38 | Create | Villager (Male) |
| 12:48 | Build | Town Center |
| 13:11 | Create | Battering Ram |
| 13:32 | Create | Villager (Male) |
| 13:54 | Create | Militia |
| 14:05 | Build | House |
| 14:08 | Create | Villager (Male) |
| 14:29 | Create | Battering Ram |
| 14:35 | Build | House |
| 14:52 | Create | Villager (Male) |
| 14:53 | Create | Villager (Male) |
| 15:00 | Build | Mill |
| 15:07 | Build | House |
| 15:08 | Build | House |
| 15:09 | Build | House |
| 15:27 | Research | Horse Collar |
| 15:55 | Build | Farm |
| 15:56 | Build | Farm |
| 16:33 | Create | Villager (Male) |
| 16:33 | Create | Villager (Male) |
| 16:34 | Create | Villager (Male) |
| 17:38 | Build | House |
| 17:39 | Build | House |
| 17:43 | Create | Villager (Male) |
| 17:43 | Create | Villager (Male) |
| 17:43 | Create | Villager (Male) |
| 17:43 | Create | Villager (Male) |
| 17:50 | Build | Farm |
| 17:56 | Create | Battering Ram |
| 17:57 | Create | Battering Ram |
| 17:59 | Create | Militia |
| 17:59 | Create | Militia |
| 17:59 | Create | Militia |
| 18:17 | Create | Villager (Male) |
| 18:38 | Create | Militia |
| 18:46 | Build | Archery Range |
| 18:51 | Build | Stable |
| 18:54 | Build | Farm |
| 19:01 | Create | Villager (Male) |
| 19:01 | Create | Villager (Male) |
| 19:25 | Build | Farm |
| 19:42 | Build | Lumber Camp |
| 20:00 | Create | Militia |
| 20:01 | Create | Militia |
| 20:14 | Create | Villager (Male) |
| 20:15 | Create | Villager (Male) |
| 20:19 | Create | Villager (Male) |
| 20:19 | Create | Villager (Male) |
| 20:36 | Build | Lumber Camp |
| 20:38 | Create | Villager (Male) |
| 20:38 | Create | Villager (Male) |
| 20:44 | Build | Farm |
| 21:34 | Build | House |
| 21:35 | Build | House |
| 21:49 | Create | Villager (Male) |
| 21:49 | Create | Villager (Male) |
| 21:49 | Create | Villager (Male) |
| 22:10 | Research | Double-Bit Axe |
| 22:22 | Build | Farm |
| 22:23 | Build | Farm |
| 22:24 | Build | Farm |
| 22:26 | Build | Farm |
| 22:27 | Build | Farm |
| 22:28 | Build | Farm |
| 22:31 | Build | Farm |
| 22:34 | Build | Farm |
| 22:35 | Build | Farm |
| 23:00 | Create | Scout Cavalry |
| 23:00 | Create | Scout Cavalry |
| 23:00 | Create | Scout Cavalry |
| 23:01 | Create | Scout Cavalry |
| 23:47 | Build | Stable |
| 23:51 | Build | Mining Camp |
| 24:38 | Create | Scout Cavalry |
| 24:38 | Create | Scout Cavalry |
| 24:38 | Create | Scout Cavalry |
| 24:51 | Build | Watch Tower |
| 25:31 | Create | Villager (Male) |
| 25:31 | Create | Villager (Male) |
| 25:31 | Create | Villager (Male) |
| 26:36 | Build | Farm |
| 26:50 | Build | Palisade Wall |
| 26:53 | Research | Castle Age |
| 27:08 | Build | Farm |
| 27:20 | Create | Militia |
| 27:20 | Create | Militia |
| 27:20 | Create | Militia |
| 27:50 | Create | Villager (Male) |
| 27:50 | Create | Villager (Male) |
| 27:50 | Create | Villager (Male) |
| 27:50 | Create | Villager (Male) |
| 28:09 | Create | Battering Ram |
| 28:09 | Create | Battering Ram |
| 28:18 | Research | Wheelbarrow |
| 28:28 | Build | Mining Camp |
Build order — [V.@.M.M] Darku$ [+]
First 150 of 155 actions detected
| 0:03 | Research | Loom |
| 0:04 | Create | Villager (Male) |
| 0:04 | Create | Villager (Male) |
| 0:04 | Create | Villager (Male) |
| 0:04 | Create | Villager (Male) |
| 0:09 | Build | House |
| 0:41 | Build | House |
| 0:43 | Build | House |
| 1:17 | Build | House |
| 1:36 | Create | Villager (Male) |
| 2:12 | Create | Villager (Male) |
| 2:48 | Build | Lumber Camp |
| 2:51 | Create | Villager (Male) |
| 3:08 | Create | Villager (Male) |
| 3:15 | Create | Villager (Male) |
| 3:51 | Create | Villager (Male) |
| 4:17 | Create | Villager (Male) |
| 4:40 | Create | Villager (Male) |
| 5:11 | Build | House |
| 5:28 | Create | Villager (Male) |
| 5:37 | Build | Mill |
| 5:40 | Create | Villager (Male) |
| 6:11 | Create | Villager (Male) |
| 6:34 | Create | Villager (Male) |
| 7:10 | Create | Villager (Male) |
| 7:41 | Create | Villager (Male) |
| 7:45 | Build | Mining Camp |
| 7:58 | Build | Mill |
| 8:04 | Create | Villager (Male) |
| 8:07 | Create | Villager (Male) |
| 8:45 | Create | Villager (Male) |
| 9:00 | Build | Mining Camp |
| 9:14 | Create | Villager (Male) |
| 9:33 | Create | Villager (Male) |
| 9:55 | Build | House |
| 9:59 | Build | House |
| 10:21 | Research | Feudal Age |
| 10:34 | Build | Barracks |
| 11:18 | Build | House |
| 12:27 | Create | Villager (Male) |
| 12:31 | Age | Feudal Age |
| 12:36 | Build | Market |
| 12:42 | Build | Blacksmith |
| 12:44 | Create | Villager (Male) |
| 12:53 | Create | Villager (Male) |
| 12:59 | Build | Farm |
| 13:08 | Build | Mill |
| 13:22 | Build | Farm |
| 13:34 | Create | Spearman |
| 14:25 | Create | Villager (Male) |
| 14:40 | Create | Spearman |
| 14:41 | Create | Spearman |
| 14:59 | Research | Double-Bit Axe |
| 15:01 | Create | Villager (Male) |
| 15:02 | Create | Villager (Male) |
| 15:02 | Create | Villager (Male) |
| 15:24 | Create | Spearman |
| 15:29 | Build | Farm |
| 15:31 | Create | Villager (Male) |
| 15:59 | Build | Farm |
| 16:19 | Build | Farm |
| 16:32 | Build | Archery Range |
| 16:43 | Create | Spearman |
| 16:43 | Create | Spearman |
| 16:43 | Create | Spearman |
| 17:00 | Create | Spearman |
| 17:00 | Create | Spearman |
| 17:00 | Create | Spearman |
| 17:29 | Build | House |
| 17:30 | Build | House |
| 17:30 | Build | House |
| 17:35 | Build | House |
| 17:35 | Build | House |
| 17:37 | Build | House |
| 18:03 | Create | Villager (Male) |
| 18:04 | Create | Villager (Male) |
| 18:21 | Create | Spearman |
| 18:21 | Create | Spearman |
| 18:22 | Create | Spearman |
| 18:52 | Build | Farm |
| 18:52 | Create | Villager (Male) |
| 19:01 | Build | Farm |
| 19:03 | Create | Villager (Male) |
| 19:22 | Build | Farm |
| 19:34 | Build | Stable |
| 19:38 | Build | Barracks |
| 19:44 | Create | Villager (Male) |
| 19:54 | Build | Farm |
| 20:09 | Create | Spearman |
| 20:42 | Create | Villager (Male) |
| 20:43 | Build | Farm |
| 20:58 | Create | Villager (Male) |
| 21:12 | Build | Farm |
| 21:19 | Build | Farm |
| 21:22 | Build | Farm |
| 21:25 | Create | Villager (Male) |
| 21:37 | Build | Farm |
| 21:52 | Create | Villager (Male) |
| 22:00 | Build | Farm |
| 22:10 | Build | House |
| 22:11 | Build | House |
| 22:12 | Build | House |
| 22:14 | Build | House |
| 22:15 | Build | House |
| 22:16 | Build | House |
| 22:17 | Build | House |
| 22:18 | Build | House |
| 22:25 | Build | Gate |
| 22:31 | Build | Stone Wall |
| 22:38 | Build | Farm |
| 22:40 | Create | Villager (Male) |
| 23:05 | Create | Villager (Male) |
| 23:08 | Build | Farm |
| 23:29 | Build | Barracks |
| 23:34 | Build | Farm |
| 23:38 | Research | Castle Age |
| 24:02 | Build | Stone Wall |
| 24:13 | Create | Archer |
| 24:13 | Create | Archer |
| 24:13 | Create | Archer |
| 24:14 | Create | Archer |
| 24:17 | Research | Stone Mining |
| 24:18 | Research | Gold Mining |
| 24:37 | Research | Arson |
| 25:05 | Create | Archer |
| 25:09 | Research | Wheelbarrow |
| 25:46 | Create | Spearman |
| 25:47 | Create | Spearman |
| 25:47 | Create | Spearman |
| 25:47 | Create | Spearman |
| 25:47 | Create | Spearman |
| 26:12 | Create | Archer |
| 26:12 | Create | Archer |
| 26:18 | Age | Castle Age |
| 26:21 | Research | Pikeman (upgrade) |
| 26:30 | Build | Castle |
| 26:36 | Build | Lumber Camp |
| 26:45 | Build | Town Center |
| 26:49 | Research | Crossbowman (upgrade) |
| 26:51 | Create | Archer |
| 26:51 | Create | Archer |
| 27:13 | Research | Squires |
| 27:19 | Create | Knight |
| 27:19 | Create | Knight |
| 27:25 | Create | Villager (Male) |
| 28:03 | Create | Villager (Male) |
| 28:06 | Build | Farm |
| 28:15 | Create | Villager (Male) |
| 28:33 | Create | Spearman |
| 28:33 | Create | Spearman |
Build order — Margt56
149 actions detected in the replay
| 0:01 | Create | Villager (Male) |
| 0:01 | Create | Villager (Male) |
| 0:01 | Create | Villager (Male) |
| 0:02 | Build | House |
| 0:04 | Build | House |
| 0:59 | Create | Villager (Male) |
| 1:31 | Build | Lumber Camp |
| 1:40 | Create | Villager (Male) |
| 2:28 | Create | Villager (Male) |
| 2:29 | Create | Villager (Male) |
| 3:23 | Build | House |
| 3:25 | Create | Villager (Male) |
| 3:25 | Create | Villager (Male) |
| 3:25 | Create | Villager (Male) |
| 4:00 | Build | House |
| 4:13 | Create | Villager (Male) |
| 4:34 | Create | Villager (Male) |
| 4:48 | Build | Mill |
| 4:52 | Create | Villager (Male) |
| 5:43 | Create | Villager (Male) |
| 5:44 | Create | Villager (Male) |
| 5:44 | Create | Villager (Male) |
| 5:44 | Create | Villager (Male) |
| 6:20 | Create | Villager (Male) |
| 6:57 | Research | Loom |
| 7:24 | Research | Feudal Age |
| 8:29 | Build | House |
| 8:43 | Build | Barracks |
| 9:34 | Age | Feudal Age |
| 9:34 | Research | Double-Bit Axe |
| 9:49 | Create | Villager (Male) |
| 9:49 | Create | Villager (Male) |
| 10:02 | Build | Stable |
| 10:54 | Create | Villager (Male) |
| 10:55 | Create | Villager (Male) |
| 10:55 | Create | Villager (Male) |
| 10:58 | Create | Villager (Male) |
| 11:03 | Build | Farm |
| 11:04 | Build | Farm |
| 11:07 | Create | Scout Cavalry |
| 11:07 | Create | Scout Cavalry |
| 11:07 | Create | Scout Cavalry |
| 11:31 | Create | Villager (Male) |
| 11:44 | Build | Mining Camp |
| 11:53 | Build | Farm |
| 11:56 | Build | Farm |
| 12:42 | Build | Farm |
| 12:42 | Build | Farm |
| 12:43 | Build | Farm |
| 12:43 | Build | Farm |
| 12:43 | Build | Farm |
| 12:52 | Build | House |
| 13:03 | Build | House |
| 13:11 | Build | House |
| 14:16 | Create | Scout Cavalry |
| 14:16 | Create | Scout Cavalry |
| 14:16 | Create | Scout Cavalry |
| 14:16 | Create | Scout Cavalry |
| 14:22 | Build | Farm |
| 14:22 | Build | Farm |
| 14:26 | Build | House |
| 14:28 | Build | House |
| 14:29 | Build | House |
| 14:32 | Create | Villager (Male) |
| 14:53 | Create | Scout Cavalry |
| 15:12 | Build | Blacksmith |
| 15:19 | Create | Villager (Male) |
| 15:20 | Create | Villager (Male) |
| 15:40 | Create | Villager (Male) |
| 15:50 | Build | House |
| 15:51 | Build | House |
| 16:02 | Build | Lumber Camp |
| 16:07 | Build | Farm |
| 16:07 | Build | Farm |
| 17:04 | Build | Farm |
| 17:04 | Build | Farm |
| 17:04 | Build | Farm |
| 17:09 | Research | Forging |
| 17:17 | Build | Farm |
| 17:17 | Build | Farm |
| 17:31 | Create | Scout Cavalry |
| 17:32 | Create | Scout Cavalry |
| 17:32 | Create | Scout Cavalry |
| 18:57 | Create | Villager (Male) |
| 18:57 | Create | Villager (Male) |
| 18:58 | Create | Villager (Male) |
| 18:58 | Create | Villager (Male) |
| 19:15 | Create | Villager (Male) |
| 19:19 | Build | House |
| 19:20 | Build | House |
| 19:32 | Build | Market |
| 19:48 | Research | Scale Mail Armor |
| 19:51 | Research | Scale Barding Armor |
| 19:58 | Create | Scout Cavalry |
| 19:59 | Create | Scout Cavalry |
| 19:59 | Create | Scout Cavalry |
| 20:44 | Build | House |
| 20:45 | Build | House |
| 20:46 | Build | House |
| 20:48 | Build | House |
| 20:49 | Build | House |
| 20:51 | Build | Farm |
| 20:52 | Build | Farm |
| 20:54 | Create | Villager (Male) |
| 21:38 | Create | Villager (Male) |
| 21:38 | Create | Villager (Male) |
| 21:40 | Create | Villager (Male) |
| 21:56 | Create | Scout Cavalry |
| 21:56 | Create | Scout Cavalry |
| 21:56 | Create | Scout Cavalry |
| 21:57 | Create | Scout Cavalry |
| 21:57 | Create | Scout Cavalry |
| 22:43 | Build | Palisade Gate |
| 22:49 | Build | Stable |
| 22:54 | Create | Scout Cavalry |
| 23:00 | Build | Farm |
| 23:00 | Build | Farm |
| 23:42 | Create | Villager (Male) |
| 23:43 | Create | Villager (Male) |
| 23:44 | Create | Villager (Male) |
| 24:06 | Build | Farm |
| 24:06 | Build | Farm |
| 24:06 | Build | Farm |
| 24:23 | Build | Farm |
| 24:23 | Build | Farm |
| 24:27 | Create | Villager (Male) |
| 25:49 | Build | Farm |
| 25:50 | Build | Farm |
| 25:50 | Build | Farm |
| 25:50 | Build | Farm |
| 25:52 | Research | Castle Age |
| 25:53 | Research | Wheelbarrow |
| 26:42 | Build | Farm |
| 26:43 | Build | Farm |
| 28:01 | Research | Arson |
| 28:02 | Create | Spearman |
| 28:03 | Create | Spearman |
| 28:04 | Create | Spearman |
| 28:04 | Create | Spearman |
| 28:04 | Create | Spearman |
| 28:06 | Create | Spearman |
| 28:07 | Create | Spearman |
| 28:08 | Create | Spearman |
| 28:19 | Create | Villager (Male) |
| 28:20 | Create | Villager (Male) |
| 28:20 | Create | Villager (Male) |
| 28:21 | Create | Villager (Male) |
| 28:32 | Age | Castle Age |
| 28:33 | Research | Bow Saw |
Build order — Wick
85 actions detected in the replay
| 0:04 | Create | Villager (Male) |
| 0:06 | Research | Loom |
| 0:07 | Create | Villager (Male) |
| 0:07 | Create | Villager (Male) |
| 0:15 | Build | House |
| 0:17 | Build | House |
| 0:18 | Build | House |
| 0:19 | Build | House |
| 1:20 | Create | Villager (Male) |
| 1:20 | Create | Villager (Male) |
| 2:06 | Create | Villager (Male) |
| 2:06 | Create | Villager (Male) |
| 3:11 | Create | Villager (Male) |
| 3:12 | Create | Villager (Male) |
| 3:35 | Create | Villager (Male) |
| 4:09 | Build | Mill |
| 4:43 | Create | Villager (Male) |
| 4:43 | Create | Villager (Male) |
| 4:44 | Create | Villager (Male) |
| 5:48 | Create | Villager (Male) |
| 5:48 | Create | Villager (Male) |
| 5:55 | Build | Lumber Camp |
| 6:45 | Create | Villager (Male) |
| 6:53 | Create | Villager (Male) |
| 7:07 | Create | Villager (Male) |
| 7:07 | Create | Villager (Male) |
| 7:32 | Build | Mill |
| 7:40 | Create | Villager (Male) |
| 7:40 | Create | Villager (Male) |
| 7:41 | Create | Villager (Male) |
| 8:18 | Build | House |
| 8:19 | Build | House |
| 8:48 | Build | Mill |
| 9:33 | Build | Mining Camp |
| 9:41 | Create | Villager (Male) |
| 9:43 | Create | Villager (Male) |
| 10:18 | Build | Barracks |
| 10:36 | Create | Villager (Male) |
| 11:08 | Create | Villager (Male) |
| 11:39 | Build | Barracks |
| 11:44 | Research | Feudal Age |
| 13:54 | Age | Feudal Age |
| 13:58 | Research | Wheelbarrow |
| 14:03 | Research | Double-Bit Axe |
| 14:09 | Research | Horse Collar |
| 14:17 | Research | Man-at-Arms (upgrade) |
| 14:21 | Research | Arson |
| 14:39 | Build | Blacksmith |
| 15:34 | Build | Archery Range |
| 15:52 | Create | Militia |
| 15:52 | Create | Militia |
| 15:52 | Create | Militia |
| 15:53 | Create | Militia |
| 15:53 | Create | Militia |
| 16:43 | Create | Archer |
| 16:43 | Create | Archer |
| 16:44 | Create | Archer |
| 16:44 | Create | Archer |
| 16:49 | Create | Villager (Male) |
| 16:49 | Create | Villager (Male) |
| 16:50 | Create | Villager (Male) |
| 16:50 | Create | Villager (Male) |
| 18:35 | Build | House |
| 18:36 | Build | House |
| 19:52 | Build | Barracks |
| 20:07 | Create | Archer |
| 20:07 | Create | Archer |
| 20:07 | Create | Archer |
| 20:20 | Build | House |
| 20:21 | Build | House |
| 20:23 | Build | House |
| 20:24 | Build | House |
| 21:16 | Create | Militia |
| 21:17 | Create | Militia |
| 21:17 | Create | Militia |
| 21:17 | Create | Militia |
| 21:17 | Create | Militia |
| 21:21 | Research | Forging |
| 21:21 | Research | Scale Mail Armor |
| 22:06 | Build | Market |
| 22:12 | Create | Archer |
| 22:12 | Create | Archer |
| 22:12 | Create | Archer |
| 22:13 | Create | Archer |
| 22:17 | Create | Militia |
Match timeline
| 8:43 | Margt56 · first_building Barracks |
| 9:34 | Margt56 · age_up feudal |
| 9:43 | Rodopoulakion · first_building Barracks |
| 10:02 | Margt56 · first_building Stable |
| 10:18 | Wick · first_building Barracks |
| 10:34 | [V.@.M.M] Darku$ [+] · first_building Barracks |
| 11:31 | Rodopoulakion · age_up feudal |
| 12:11 | Rodopoulakion · first_building Siege Workshop |
| 12:31 | [V.@.M.M] Darku$ [+] · age_up feudal |
| 13:54 | Wick · age_up feudal |
| 15:34 | Wick · first_building Archery Range |
| 16:32 | [V.@.M.M] Darku$ [+] · first_building Archery Range |
| 18:46 | Rodopoulakion · first_building Archery Range |
| 18:51 | Rodopoulakion · first_building Stable |
| 19:34 | [V.@.M.M] Darku$ [+] · first_building Stable |
| 22:31 | [V.@.M.M] Darku$ [+] · wall_segment Stone Wall x5 |
| 24:02 | [V.@.M.M] Darku$ [+] · wall_segment Stone Wall x2 |
| 26:18 | [V.@.M.M] Darku$ [+] · age_up castle |
| 26:30 | [V.@.M.M] Darku$ [+] · first_building Castle |
| 26:50 | Rodopoulakion · wall_segment Palisade Wall x2 |
| 28:32 | Margt56 · age_up castle |
| 28:36 | Wick · resign |
[ AI ANALYSIS · 1 CREDIT ]
What really happened in this match?
Wolo.gg analyzes every decision: build order, eco, micro, common mistakes by bracket. Personalized analysis on WhatsApp or Discord in 30 seconds.
Civ guide
Cumans
Map guide
Fortified Clearing
Perfil
Jugador #23866728